 Dungeon Crawl Stone Soup version 0.31.0-12-g77e489cdc1 (webtiles) character file.

Game seed: 16046706850298133722

221 Gadfly the Insei (level 5, 0/41 HPs)
             Began as a Demonspawn Monk on Feb 11, 2024.
             Was a Believer of Ru.
             Slain by a river rat (7 damage)
             ... on level 4 of the Dungeon.
             The game lasted 00:04:25 (2990 turns).

Gadfly the Insei (Demonspawn Monk)                  Turns: 2990, Time: 00:04:26

Health: 0/41       AC:  3    Str: 13    XL:     5   Next: 65%
Magic:  5/5        EV: 13    Int: 11    God:    Ru [**....]
Gold:   211        SH:  0    Dex: 15    Spells: 4/4 levels left

rFire   . .          .
                       - Unarmed
rCold   . . .        c - orb {light}
rNeg    . . .        a - +1 robe
rPois   .            (helmet restricted)
rElec   .            h - scarf {shadows}
rCorr   .            (no gloves)
SInv    .            (no boots)
Will    .....        f - amulet of the acrobat
Stlth   +            (no ring)
HPRegen 0.26/turn    (no ring)
MPRegen 0.09/turn

%: acrobat
@: confused, ambrosia-drunk, glowing
A: antennae 1, hooves 1, hated by all, demonic touch 1
a: Renounce Religion


You were on level 4 of the Dungeon.
You worshipped Ru.
Ru was pleased with you.
You visited 1 branch of the dungeon, and saw 4 of its levels.

You collected 211 gold pieces.

Inventory:

Hand Weapons
 b - a +1 dagger of protection
Armour
 a - a +1 robe (worn)
 c - an orb of light (worn)
 h - a scarf of shadows (worn)
Jewellery
 f - an amulet of the acrobat (around neck)
Scrolls
 e - 2 scrolls of teleportation
 j - a scroll of enchant armour
 k - a scroll of enchant weapon {unknown}
Potions
 d - a potion of enlightenment
 g - a potion of ambrosia
 i - a potion of heal wounds {unknown}


   Skills:
 - Level 3.0 Fighting
 + Level 3.3 Dodging
 * Level 3.9 Unarmed Combat
 * Level 2.6 Evocations
 * Level 2.2 Shapeshifting


You had 4 spell levels left.
You didn't know any spells.
Your spell library contained the following spells:

 Spells                   Type           Power      Damage    Failure   Level
 Ozocubu's Armour         Ice            0%         N/A       71%         3
 Metabolic Englaciation   Hex/Ice        0%         N/A       100%        5
 Sculpt Simulacrum        Ice/Alch       Unusable   N/A       N/A         6

Dungeon Overview and Level Annotations

Branches:
Dungeon (4/15)
 Temple: D:4-7

Altars:
Kikubaaqudgha
Ru


Innate Abilities, Weirdness & Mutations

You have a pair of small antennae on your head.
You have large cloven feet.
You are hated by all.
Your touch may inflict minor irresistible damage on your foes.


Message History

You are too injured to fight recklessly!
You are too injured to fight recklessly!
You are too injured to fight recklessly!
You are too injured to fight recklessly!
You are too injured to fight recklessly!
You are too injured to fight recklessly!
You are too injured to fight recklessly!
You are too injured to fight recklessly!
You are too injured to fight recklessly!
You are too injured to fight recklessly!
You are too injured to fight recklessly!
You barely miss the scorpion.
You kick the scorpion, but do no damage.
The scorpion is almost dead.
The scorpion misses you.
You hit the scorpion. Your kick misses the scorpion.
The scorpion is almost dead.
The scorpion stings you!
* * * LOW HITPOINT WARNING * * *
The scorpion misses you.
You hit the scorpion.
You kill the scorpion!
You hit the river rat.
The river rat is heavily wounded.
The river rat bites you.
* * * LOW HITPOINT WARNING * * *
You hit the river rat but do no damage.
The river rat is heavily wounded.
Okay, then.
Unknown command.
Found 2 pink potions.
The river rat twitches its whiskers.
The river rat attacks as it pursues you!
The river rat bites you.
* * * LOW HITPOINT WARNING * * *
You are confused.
You feel invigorated.
You hear the rusting of a drain very nearby.
The river rat bites you!
You die...

.#............#
~#............
##.##...[...# #.#.#
...##.#)....# #.#.#
#####..#(#..####.#<
........_†....S...# #
#####.##.#..####..##.#.
#.##.....# #.....!.
#.######.###@.# #....#
#..rr#...# #....#
####†###.# #....# #..#
# ###### #.......#
#........ #~....##.
#~...## ~~~.##


You could see a river rat and a rat.

Vanquished Creatures
  A scorpion (D:4)
  A hound (D:4)
  6 adders
  A river rat (D:4)
  3 dart slugs
  2 ribbon worms
  3 orcs
  4 endoplasms
  3 giant cockroaches
  4 goblins
  3 hobgoblins
  5 quokkas
  4 ball pythons
  10 bats
  5 frilled lizards
  3 kobolds
  4 rats
62 creatures vanquished.

Notes
Turn   | Place    | Note
-------+----------+-------------------------------------------
     0 | D:1      | Gadfly the Demonspawn Monk began the quest for the Orb.
     0 | D:1      | Reached XP level 1. HP: 18/18 MP: 1/1
   113 | D:1      | Discovered your monstrous ancestry.
   113 | D:1      | Gained mutation: You have large cloven feet. [demonic
                  | ancestry]
   113 | D:1      | Reached XP level 2. HP: 24/24 MP: 2/2
   324 | D:1      | Reached skill level 1 in Evocations
   505 | D:1      | Reached skill level 1 in Shapeshifting
   740 | D:2      | Gained mutation: Your touch may inflict minor irresistible
                  | damage on your foes. [demonic ancestry]
   740 | D:2      | Reached XP level 3. HP: 24/29 MP: 3/3
   870 | D:2      | Gained mutation: You have a pair of small antennae on your
                  | head. [demonic ancestry]
   870 | D:2      | Reached XP level 4. HP: 16/35 MP: 4/4
  1482 | D:2      | Found a faded altar of an unknown god.
  2426 | D:3      | Found a blossoming altar of Fedhas.
  2428 | D:3      | Found an ancient bone altar of Kikubaaqudgha.
  2891 | D:4      | Found a sacrificial altar of Ru.
  2908 | D:4      | Became a worshipper of Ru the Awakened
  2919 | D:4      | Gained mutation: You are hated by all. [Ru sacrifice]
  2919 | D:4      | Reached * piety under Ru
  2919 | D:4      | Reached ** piety under Ru
  2952 | D:4      | Reached XP level 5. HP: 41/41 MP: 5/5
  2990 | D:4      | Slain by a river rat

Illustrated notes

Levels and vault maps discovered:
D:1:      minmay_arrival_doors, layout_loops_ring, kennysheep_decorative_pillar
D:2:      layout_basic, shapermc_ecumenical_altar_flowoftime, minmay_cut_off
D:3:      layout_loops_ring, grunt_temple_overflow_growth_and_decay,
          zin_statuary
D:4:      layout_rooms, lemuel_crystal_altar, lightli_sewer_entry_pipes,
          serial_aquarium, aquarium_bridge_straight [aquarium_subvault_bridge,
          aquarium_subvault_wall, aquarium_subvault_bridge,
          aquarium_subvault_wall], aquarium_window_2,
          aquarium_window_corridor_2, aquarium_window_1, aquarium_window_corner,
          aquarium_view_2b, aquarium_view_4, aquarium_balcony_double_2,
          aquarium_pool_S, uniq_edmund

Skill      XL: |  1  2  3  4  5 |
---------------+----------------+-----
Unarmed Combat | 3 |  3.9
Evocations     | 1 2 |  2.6
Shapeshifting  | 1 2 |  2.2
Dodging        | 3 |  3.3
Fighting       | |  3.0

Action                     |  1- 3 |  4- 6 || total
---------------------------+-------+-------++-------
  Melee: Unarmed           |    80 |   111 ||   191
         Kick              |    17 |    43 ||    60
 Invoke: Sacrifice Love    |       |     1 ||     1
    Use: Scroll            |     4 |     4 ||     8
         Potion            |       |     1 ||     1
 Armour: Robe              |    29 |    36 ||    65
  Dodge: Dodged            |    45 |    65 ||   110
